 Dungeon Crawl Stone Soup version 0.32-a0-312-g1d7162e751 (webtiles) character file.

Game seed: 9139217578833008006

7490 MacCMillion the Thaumaturge (level 11, -4/73 HPs)
             Began as a Djinni Alchemist on Feb 15, 2024.
             Was a Believer of Makhleb.
             Slain by a shadow (10 damage)
             ... on level 9 of the Dungeon.
             The game lasted 00:17:43 (12508 turns).

MacCMillion the Thaumaturge (Djinni Alchemist)     Turns: 12508, Time: 00:17:44

Health: -4/73      AC:  2    Str:  7    XL:     11   Next: 38%
Gold:   304        EV: 14    Int: 21    God:    Makhleb [**....] SH:  0 Dex: 14

rFire   + + .        e - +1 short sword (speed)
rCold   x . .        (no shield)
rNeg    . . .        a - +0 robe
rPois   ∞            (no helmet)
rElec   .            (no cloak)
rCorr   +            (no gloves)
SInv    .            (boots unavailable)
Will    +....        (no amulet)
Stlth   +++          g - ring of resist corrosion
HPRegen 0.32/turn    (no ring)
MPRegen 0.00/turn

%: infuse magic (-5 HP)
@: flying
A: sickness immunity, fire resistance 2, cold vulnerability 1, float, innate
caster, HP casting, extra vitality 1
a: Renounce Religion, Minor Destruction


You were on level 9 of the Dungeon.
You worshipped Makhleb.
Makhleb was pleased with you.
You visited 2 branches of the dungeon, and saw 11 of its levels.
You also visited: Sewer.

You collected 365 gold pieces.
You spent 61 gold pieces at shops.

Inventory:

Hand Weapons
 e - a +1 short sword of speed (weapon)
Missiles
 D - 2 throwing nets
Armour
 a - a +0 robe (worn)
 h - +0 swamp dragon scales
 t - a +0 leather armour
 C - a +0 kite shield
Jewellery
 g - a ring of resist corrosion (left hand)
 o - a +5 ring of evasion
 y - a ring of willpower
Wands
 n - a wand of flame (39)
 p - a wand of mindburst (13)
 u - a wand of iceblast (4)
 F - a wand of acid (10)
Scrolls
 b - a scroll of fog {unknown}
 d - 2 scrolls of noise
 i - a scroll of blinking
 j - 3 scrolls of teleportation
 r - a scroll of summoning {unknown}
 s - 2 scrolls of enchant weapon {unknown}
 x - a scroll of fear {unknown}
 z - 2 scrolls of immolation {unknown}
 B - a scroll of vulnerability {unknown}
 E - a scroll of enchant armour {unknown}
 G - a scroll of identify
Potions
 c - a potion of mutation
 f - a potion of experience
 k - a potion of cancellation {unknown}
 l - a potion of ambrosia {unknown}
 m - 2 potions of degeneration {unknown}
 q - a potion of enlightenment {unknown}
 v - a potion of magic {unknown}
 w - a potion of resistance {unknown}
 A - 4 potions of curing {unknown}


   Skills:
 + Level 4.1 Fighting
 + Level 5.1 Dodging
 + Level 4.2 Stealth
 - Level 12.2 Spellcasting
 - Level 12.2 Conjurations
 - Level 12.2 Hexes
 - Level 12.2 Summonings
 - Level 12.2 Necromancy
 - Level 12.2 Translocations
 - Level 12.2 Fire Magic
 - Level 12.2 Ice Magic
 - Level 12.2 Air Magic
 - Level 12.2 Earth Magic
 - Level 12.2 Alchemy


You knew the following spells:

 Your Spells              Type           Power      Damage    Failure   Level
a - Sting                 Conj/Alch      100%       1d9       1%          1
b - Mercury Vapours       Alch/Air       100%       N/A       1%          2
c - Mephitic Cloud        Conj/Alch/Air  59%        N/A       1%          3
d - Olgreb's Toxic Radia  Alch           59%        N/A       1%          4
e - Sticky Flame          Fire/Alch      59%        2d10      1%          4
f - Freeze                Ice            100%       1d10      1%          1
g - Jinxbite              Hex            100%       N/A       1%          2
h - Inner Flame           Hex/Fire       59%        N/A       1%          3
i - Animate Armour        Summ/Erth      100%       N/A       1%          4
j - Arcjolt               Conj/Air       29%        1d39      1%          5
Your spell library was empty.

Dungeon Overview and Level Annotations

Branches:
Dungeon (10/15)            Temple (1/1) D:6           Sewer (visited)
   Lair: D:8-11         Orc: D:9-12

Altars:
Ashenzari
Cheibriados
Dithmenos
Elyvilon
Fedhas
Gozag
Hepliaklqana
Makhleb
Nemelex Xobeh
Okawaru
Qazlal
Ru
Trog
Uskayaw
Wu Jian
Xom
Yredelemnul
Zin
The Shining One

Shops:
D:3 [*   D:4 ?   D:7 *

Annotations:
D:1 1 transporter
D:7 1 runed translucent door, temujin's ghost, novice DjCj
D:9 6 transporters


Innate Abilities, Weirdness & Mutations

You are immune to sickness and miasma.
You are immune to poison.
Your flesh is very heat resistant. (rF++)
You are vulnerable to cold. (rC-)
You float through the air rather than walking.
You learn spells naturally, not from books.
Your magical power is your life essence.
You have superior vitality. (+4 MHP)


Message History

The sting hits the troll but does no damage.
The troll looks as sick as possible!
The troll is heavily wounded.
A kobold brigand comes into view.
It is wielding a +0 short sword and quivering poisoned darts.
Casting: Sting (safe; 1% risk of failure)
Confirm with . or Enter, or press ? or * to list all spells.
Aiming: Mephitic Cloud (safe; 1% risk of failure)
Press: ? - help, Shift-Dir - straight line, f/p - troll
Aim: a troll (heavily wounded, confused, extremely poisoned, chance to affect: 67%)
The ball explodes into a vile cloud!
The stinking cloud engulfs the troll.
The troll is heavily wounded.
The stinking cloud engulfs you.
The kobold brigand shouts!
You hear a shout! x2
The kobold brigand throws a poisoned dart.
The poisoned dart misses you.
The troll is engulfed in noxious fumes.
The troll appears confused.
The troll is engulfed in noxious fumes.
The troll appears confused.
There is an escape hatch in the ceiling here.
Casting: Mephitic Cloud (safe; 1% risk of failure)
Confirm with . or Enter, or press ? or * to list all spells.
You begin to radiate toxic energy.
The kobold brigand is poisoned.
The shadow strikes at you from the darkness!
* * * LOW HITPOINT WARNING * * *
Reactivating autopickup.
The troll looks as sick as possible!
Your toxic aura wanes.
The shadow hits you!
* * * LOW HITPOINT WARNING * * *
A mysterious force pulls you upwards. The hatch slams shut behind you.
Level annotation: 6 transporters
Casting: Olgreb's Toxic Radiance (safe; 1% risk of failure)
Confirm with . or Enter, or press ? or * to list all spells.
Aiming: Sticky Flame (safe; 1% risk of failure)
Press: ? - help, Shift-Dir - straight line, f - shadow
Aim: a shadow (unstickable)
The sticky flame hits the shadow.
The shadow is moderately damaged.
* * * LOW HITPOINT WARNING * * *
The shadow hits you!
You die...

............#########
....................#
............#########
...<........#
............#########
....................#
....................#
............>...)W..#
.##.............@..^#
..#.................#
©...................#
.©#.................#
.##.................#
....................#
###.#######.#########
#.# #.# #.# #.#


You could see a shadow.

Vanquished Creatures
  Pikel (D:4)
  Joseph (D:8)
  Psyche (D:9)
  A hornet (D:5)
  Grinder (D:3)
  Sigmund (D:4)
  3 yaks (D:9)
  Menkaure (D:5)
  A steam dragon (D:6)
  3 water moccasins
  3 orc warriors
  2 ice beasts (D:7)
  An ogre (D:7)
  2 black bears
  3 wolves (D:9)
  3 phantoms
  4 lemures (D:4)
  Blork the orc (D:4)
  3 bullfrogs
  4 kobold brigands
  3 scorpions
  A brain worm (Sewer)
  2 gnoll sergeants
  3 wights (D:9)
  10 killer bees
  4 howler monkeys (D:9)
  A bombardier beetle (D:5)
  A jelly (D:6)
  4 hounds
  8 orc priests
  A gnoll bouda (D:7)
  6 iguanas
  17 orc wizards
  2 sleepcaps (D:6)
  Ijyb (D:5)
  Natasha (thrice) (D:3)
  17 gnolls
  12 adders
  4 river rats
  3 shadow imps
  A white imp (D:5)
  7 ribbon worms
  3 dart slugs
  47 orcs
  4 bats
  16 endoplasms
  3 giant cockroaches
  7 hobgoblins
  4 jackals (D:2)
  3 quokkas
  11 ball pythons
  6 frilled lizards
  14 goblins
  20 kobolds
  16 rats
305 creatures vanquished.

Vanquished Creatures (others)
  Grum (D:9)
1 creature vanquished.

Grand Total: 306 creatures vanquished

Notes
Turn   | Place    | Note
-------+----------+-------------------------------------------
     0 | D:1      | MacCMillion the Djinni Alchemist began the quest for the
                  | Orb.
     0 | D:1      | MacCMillion set off with the following spells memorised:
                  | Sting, Mercury Vapours, Mephitic Cloud, Olgreb's Toxic
                  | Radiance, Sticky Flame.
     0 | D:1      | Reached XP level 1. HP: 15/15 MP: 0/0
   197 | D:1      | Reached XP level 2. HP: 20/21 MP: 0/0
   419 | D:1      | Reached XP level 3. HP: 23/25 MP: 0/0
   419 | D:1      | Learned a level 1 spell: Freeze
   910 | D:1      | Reached XP level 4. HP: 29/31 MP: 0/0
  1345 | D:2      | Found a shadowy altar of Dithmenos.
  1741 | D:2      | Reached XP level 5. HP: 31/35 MP: 0/0
  1741 | D:2      | Learned a level 2 spell: Jinxbite
  1924 | D:3      | Noticed Natasha
  1935 | D:3      | Noticed a phantom
  1936 | D:3      | Killed Natasha
  1937 | D:3      | Reached skill level 5 in Spellcasting
  1937 | D:3      | Reached skill level 5 in Conjurations
  1937 | D:3      | Reached skill level 5 in Hexes
  1937 | D:3      | Reached skill level 5 in Summonings
  1937 | D:3      | Reached skill level 5 in Necromancy
  1937 | D:3      | Reached skill level 5 in Translocations
  1937 | D:3      | Reached skill level 5 in Fire Magic
  1937 | D:3      | Reached skill level 5 in Ice Magic
  1937 | D:3      | Reached skill level 5 in Air Magic
  1937 | D:3      | Reached skill level 5 in Earth Magic
  1937 | D:3      | Reached skill level 5 in Alchemy
  2062 | D:3      | Killed a phantom
  2063 | D:3      | Reached XP level 6. HP: 6/40 MP: 0/0
  2230 | D:3      | Found Ostroyr's Armour Emporium.
  2346 | D:3      | Noticed Natasha
  2351 | D:3      | Killed Natasha
  2380 | D:3      | Noticed Grinder
  2507 | D:3      | Killed Grinder
  2508 | D:3      | Reached XP level 7. HP: 17/45 MP: 0/0
  2508 | D:3      | Learned a level 3 spell: Inner Flame
  2673 | D:3      | Found Xecle's General Store.
  2745 | D:3      | Bought a scroll of teleportation for 33 gold pieces
  2906 | D:3      | Noticed Natasha
  2913 | D:3      | Killed Natasha
  3129 | D:4      | Noticed Sigmund
  3134 | D:4      | Reached XP level 8. HP: 34/50 MP: 0/0
  3136 | D:4      | Killed Sigmund
  3206 | D:4      | Noticed Blork the orc
  3213 | D:4      | Killed Blork the orc
  3977 | D:4      | Found Toennusu's Magic Scroll Emporium.
  3998 | D:4      | Noticed Pikel
  4251 | D:4      | Killed Pikel
  4252 | D:4      | Reached XP level 9. HP: 38/55 MP: 0/0
  4252 | D:4      | Learned a level 4 spell: Animate Armour
  4422 | D:4      | Bought a scroll of identify for 28 gold pieces
  5136 | D:5      | Entered Level 5 of the Dungeon
  5254 | D:5      | Noticed Menkaure
  5256 | D:5      | Killed Menkaure
  5293 | D:5      | Noticed Ijyb
  5304 | D:5      | Killed Ijyb
  5309 | D:5      | Reached skill level 10 in Spellcasting
  5309 | D:5      | Reached skill level 10 in Conjurations
  5309 | D:5      | Reached skill level 10 in Hexes
  5309 | D:5      | Reached skill level 10 in Summonings
  5309 | D:5      | Reached skill level 10 in Necromancy
  5309 | D:5      | Reached skill level 10 in Translocations
  5309 | D:5      | Reached skill level 10 in Fire Magic
  5309 | D:5      | Reached skill level 10 in Ice Magic
  5309 | D:5      | Reached skill level 10 in Air Magic
  5309 | D:5      | Reached skill level 10 in Earth Magic
  5309 | D:5      | Reached skill level 10 in Alchemy
  5660 | D:5      | Noticed a hornet
  5665 | D:5      | Killed a hornet
  5898 | D:5      | Found a sacrificial altar of Ru.
  6521 | D:6      | Reached XP level 10. HP: 43/60 MP: 0/0
  6844 | D:6      | Found a staircase to the Ecumenical Temple.
  6857 | Temple   | Entered the Ecumenical Temple
  6874 | Temple   | Became a worshipper of Makhleb the Destroyer
  6944 | D:6      | Found a glowing drain.
  6975 | Sewer    | Entered a sewer
  8325 | D:6      | Found a sparkling altar of Nemelex Xobeh.
  8920 | D:7      | Found a runed translucent door.
  8974 | D:7      | Found Aqas's CLEARANCE SALE!.
  9033 | D:7      | Reached * piety under Makhleb
  9909 | D:7      | Noticed temujin's ghost (novice DjCj)
  9985 | D:8      | Reached skill level 1 in Fighting
 10056 | D:8      | Reached ** piety under Makhleb
 10311 | D:8      | Noticed Joseph
 10788 | D:8      | Killed Joseph
 10789 | D:8      | Reached XP level 11. HP: 12/68 MP: 0/0
 10789 | D:8      | Learned a level 5 spell: Arcjolt
 11486 | D:9      | Noticed Grum
 11501 | D:9      | Noticed Psyche
 11504 | D:9      | Killed Grum
 11513 | D:9      | Killed Psyche
 12103 | D:9      | Found a transporter.
 12104 | D:9      | Found a transporter.
 12192 | D:9      | Found a transporter.
 12194 | D:9      | Found a transporter.
 12224 | D:9      | Found a transporter.
 12225 | D:9      | Found a transporter.
 12323 | D:9      | Found a bloodstained altar of Trog.
 12355 | D:9      | Reached skill level 5 in Dodging
 12457 | D:10     | Entered Level 10 of the Dungeon
 12508 | D:9      | Slain by a shadow

Illustrated notes

Levels and vault maps discovered:
D:1:      spicycebolla_arrival_risky_transporter, layout_loops_cross
D:2:      layout_basic, basic_altar
D:3:      layout_basic, serial_shops, nicolae_shop_just_a_little_nook, shop,
          uniq_grinder, uniq_natasha
D:4:      cheibrodos_barr_body, layout_cave_pools, serial_shops, shop,
          uniq_pikel, uniq_sigmund, uniq_blork_the_orc
D:5:      layout_cave_pods, nicolae_ru_awakened_eye, minmay_misc_feat_plants,
          uniq_menkaure, uniq_ijyb
D:6:      layout_loops_ring, gammafunk_temple_overflow_elements,
          minmay_temple_entry_stoned_glass, gup_sewer_entry_bubbles
D:7:      layout_loops_ring, ebering_ghost_reflecting_pool,
          nicolae_shop_clearance
D:8:      layout_basic, uniq_joseph
D:9:      layout_long_grid, trog_hazing_becter, serial_nicolae_subway,
          nicolae_sub_station_metal, nicolae_sub_station_crystal,
          nicolae_sub_station_stone, uniq_psyche, uniq_grum, uniq_maurice
D:10:     layout_basic, kennysheep_little_box
Temple:   bh_familiar_temple

Skill      XL: |  1  2  3  4  5  6  7  8  9 10 11 |
---------------+----------------------------------+-----
Spellcasting   | 4 5 6 7 9 10 12 | 12.2
Conjurations   | 4 5 6 7 9 10 12 | 12.2
Hexes          | 4 5 6 7 9 10 12 | 12.2
Summonings     | 4 5 6 7 9 10 12 | 12.2
Necromancy     | 4 5 6 7 9 10 12 | 12.2
Translocations | 4 5 6 7 9 10 12 | 12.2
Fire Magic     | 4 5 6 7 9 10 12 | 12.2
Ice Magic      | 4 5 6 7 9 10 12 | 12.2
Air Magic      | 4 5 6 7 9 10 12 | 12.2
Earth Magic    | 4 5 6 7 9 10 12 | 12.2
Alchemy        | 4 5 6 7 9 10 12 | 12.2
Fighting       | 2 4 |  4.1
Stealth        | 2 4 |  4.2
Dodging        | 3 5 |  5.1

Action                     |  1- 3 |  4- 6 |  7- 9 | 10-12 || total
---------------------------+-------+-------+-------+-------++-------
  Melee: Unarmed           |     1 |       |       |       ||     1
         Short sword       |       |     2 |    33 |    53 ||    88
   Cast: Sting             |    37 |    59 |    34 |    58 ||   188
         Olgreb's Toxic Ra |       |     7 |    49 |    65 ||   121
         Sticky Flame      |       |     7 |    14 |    22 ||    43
         Mephitic Cloud    |       |     2 |    26 |    25 ||    53
    Use: Scroll            |       |       |     4 |       ||     4
   Stab: Confused          |       |       |     1 |     4 ||     5
 Armour: Robe              |       |    15 |    28 |    46 ||    89
  Dodge: Dodged            |     5 |    19 |    22 |    34 ||    80

Table legend: (Time is in decaauts)
 A = Elapsed time spent in this place.
 B = Non-inter-level travel time spent in this place.
 C = Inter-level travel time spent in this place.
 D = Time resting spent in this place.
 E = Time spent auto-exploring this place.
 F = Levels seen in this place.
 G = Mean time per level.
                   A        B        C        D        E       F      G
               +--------+--------+--------+--------+--------+-----+--------+
         Total |  12484 |  12048 |    436 |   4050 |   6193 |  12 | 1040.3 |
       Dungeon |  11454 |  11049 |    405 |   3802 |   5655 |  10 | 1145.4 |
        Temple |     33 |      2 |     31 |      0 |      0 |   1 |   33.0 |
         Sewer |    996 |    996 |      0 |    248 |    538 |   1 |  996.0 |
               +--------+--------+--------+--------+--------+-----+--------+

Top non-repeatable levels by time:
     D:3: 1741 daAuts
     D:8: 1447 daAuts
     D:4: 1327 daAuts
     D:5: 1325 daAuts
     D:7: 1313 daAuts
     D:6: 1257 daAuts
     D:2: 1256 daAuts
   Sewer: 996 daAuts
     D:9: 926 daAuts
     D:1: 809 daAuts
    D:10: 49 daAuts
  Temple: 33 daAuts
